 Dungeon Crawl Stone Soup version 0.18-a0-1805-g8ab820f (webtiles) character file.

28 varam the Skirmisher (level 2, 26/26 HPs)
             Began as a Centaur Fighter on Apr 26, 2016.
             Was a Follower of Ashenzari.
             Quit the game on level 2 of the Dungeon.
             The game lasted 00:02:57 (705 turns).

varam the Skirmisher (Centaur Fighter)               Turns: 705, Time: 00:02:59

Health: 26/26      AC:  6    Str: 18    XL:     2   Next: 96%
Magic:  2/2        EV:  5    Int:  7    God:    Ashenzari [*.....]
Gold:   99         SH:  8    Dex:  8    Spells: 0 memorised, 1 level left

rFire  . . .     SeeInvis .     a - +0 trident
rCold  . . .     Gourm    .     b - +0 scale mail
rNeg   . . .     Faith    .     c - +0 shield
rPois  .         Spirit   .     (no helmet)
rElec  .         Dismiss  .     (no cloak)
rCorr  .         Reflect  .     (no gloves)
SustAt .         Harm     .     (no barding)
MR     .....                    (no amulet)
Stlth  ..........               (no ring)
                                (no ring)

@: very quick, not resistant to hostile enchantments, extremely unstealthy
A: hooves 3, deformed body, speed 2, tough skin 3
a: Curse Item, Scrying, Renounce Religion


You were on level 2 of the Dungeon.
You worshipped Ashenzari.
Ashenzari was aware of your devotion.
You were not hungry.

You visited 1 branch of the dungeon, and saw 2 of its levels.

You collected 99 gold pieces.

Inventory:

Hand Weapons
 a - a +0 trident (weapon)
Armour
 b - a +0 scale mail (worn)
 c - a +0 shield (worn)
Scrolls
 h - 2 scrolls of identify {unknown}
 k - a scroll of noise {unknown}
 l - a scroll of remove curse
 p - a scroll of fear {unknown}
Potions
 d - a potion of might
 e - a potion of lignification {unknown}
 i - 3 potions of degeneration {unknown}
 j - a potion of haste {unknown}
 m - 2 potions of mutation {unknown}
 n - a potion of brilliance {unknown}
Comestibles
 f - 2 bread rations
 g - a meat ration
 o - 7 chunks of flesh
 q - a slice of pizza


   Skills:
 + Level 3.3 Fighting
 * Level 2.1 Polearms
 + Level 2.5 Armour
 + Level 0.2 Dodging
 - Level 2.2 Shields


You had one spell level left.
You didn't know any spells.

Dungeon Overview and Level Annotations

Branches:
Dungeon (2/15)

Altars:
Ashenzari


Innate Abilities, Weirdness & Mutations

You have hooves in place of feet.
Armour fits poorly on your strangely shaped body.
You cover ground very quickly.
You have extremely tough skin (AC +3).


Message History

You barely miss the kobold. Your kick misses the kobold.
The kobold is heavily wounded.
The kobold barely misses you.
You puncture the kobold!
You kill the kobold!
Things that are here:
a club; a kobold corpse
There is a faded altar to an unknown god here.
This altar will convert you to a god.
You cannot discern which.
Do you pray? Ashenzari accepts your prayer! Ashenzari welcomes you!
l - a scroll of remove curse You can now curse your items.
You can now scry through walls.
Unknown command.
Unknown command.
Saving game... please wait.
Welcome back, varam the Centaur Fighter.
Ashenzari says: Partake of my vision.
Partake of my curse.
Press ? for a list of commands and other information.
Are you sure you want to abandon this character and quit the game? (Confirm with "yes".)

#...#............#
#.....####.......#
#.....# ##......##
#...#.###.......#
##...#...........#
##<....#......#.####.
##.................)..
#.)..#...........####.
#...#@#..........#
#....#...........#
#...............##
#...............#
#........).....†###
##................#
##.....#......##.##
############.##..##
#.###..#


There were no monsters in sight!

Vanquished Creatures
  A worm (D:2)
  A dart slug (D:1)
  A giant gecko (D:1)
  2 ball pythons (D:1)
  2 bats (D:1)
  A giant cockroach (D:1)
  3 goblins
  3 hobgoblins
  A giant newt (D:1)
  4 kobolds
  2 rats (D:1)
21 creatures vanquished.

Notes
Turn   | Place    | Note
--------------------------------------------------------------
     0 | D:1      | varam the Centaur Fighter began the quest for the Orb.
     0 | D:1      | Reached XP level 1. HP: 19/19 MP: 1/1
   163 | D:1      | Reached XP level 2. HP: 22/26 MP: 2/2
   542 | D:2      | Found a shattered altar of Ashenzari.
   650 | D:2      | Found a faded altar to an unknown god.
   705 | D:2      | Became a worshipper of Ashenzari the Shackled
   705 | D:2      | Reached * piety under Ashenzari
   705 | D:2      | Quit the game

Vault maps used:
D:1:      dpeg_arrival_radiant
D:2:      ashenzari_altar_1, ecumenical_altar_1

Skill      XL: |  1 |
---------------+----+-----
Polearms       | 2 |  2.1
Fighting       | |  3.3
Armour         | |  2.5
Dodging        | |  0.2
Shields        | |  2.2

Action                   || total
-------------------------++-------
Melee: Trident           ||    59
       Kick              ||     6
Armor: Scale mail        ||    18
Dodge: Dodged            ||     9
Block: Shield            ||    16
